 Dungeon Crawl Stone Soup version 0.32-a0-666-ge8a88695a4 (webtiles) character file.

Game seed: 8703868005239493660

10140 pokeman the Thaumaturge (level 11, -21/60 HPs)
             Began as a Deep Elf Hedge Wizard on Mar 9, 2024.
             Was a Priest of Vehumet.
             Demolished by a very large slime creature (35 damage)
             ... in a Gauntlet on Mar 10, 2024.
             The game lasted 00:36:05 (9833 turns).

pokeman the Thaumaturge (Deep Elf Hedge Wizard)     Turns: 9833, Time: 00:36:05

Health: -21/60     AC: 10    Str:  7    XL:     11   Next: 32%
Magic:  30/31      EV: 13    Int: 30    God:    Vehumet [***...]
Gold:   403        SH:  0    Dex: 22    Spells: 23/38 levels left

rFire   . . .        t - +5 whip of the Living God {freeze, rPois Dex+3}
rCold   . . .        (no shield)
rNeg    . . .        r - +2 leather armour of Incorporation {Dex+5}
rPois   +            z - +2 helmet of Past Mistakes {rPois rCorr}
rElec   .            h - +0 cloak
rCorr   +            (no gloves)
SInv    .            H - +0 pair of boots
Will    +....        b - amulet of Lucidity {RegenMP+ rCorr}
Stlth   +++          J - +6 ring of intelligence
HPRegen 0.30/turn    F - ring of flight
MPRegen 0.62/turn

%: no teleportation
@: on blink cooldown, flying
A: no striking features
a: Renounce Religion


You were in a Gauntlet.
You worshipped Vehumet.
Vehumet was most pleased with you.
You visited 2 branches of the dungeon, and saw 12 of its levels.
You also visited: Gauntlet.

You collected 605 gold pieces.
You spent 202 gold pieces at shops.

Inventory:

Hand Weapons
 t - the +5 whip of the Living God (weapon) {freeze, rPois Dex+3}
   (You found it on level 3 of the Dungeon)

   Dex+3:     It affects your dexterity (+3).
   rPois:     It protects you from poison.
Missiles
 D - a curare-tipped dart
Armour
 a - an orb of light
 h - a +0 cloak (worn)
 r - the +2 leather armour of Incorporation (worn) {Dex+5}
   (You took it off an orc on level 3 of the Dungeon)

   Dex+5:     It affects your dexterity (+5).
 z - the +2 helmet of Past Mistakes (worn) {rPois rCorr}
   (You found it on level 5 of the Dungeon)

   rPois:     It protects you from poison.
   rCorr:     It protects you from acid and corrosion.
 H - a +0 pair of boots (worn)
Magical Staves
 M - a staff of fire
Jewellery
 b - the amulet of Lucidity (around neck) {RegenMP+ rCorr}
   (You found it on level 3 of the Dungeon)

   [amulet of magic regeneration]

   It increases your rate of magic regeneration.
   rCorr:     It protects you from acid and corrosion.
   RegenMP+:  It increases your rate of magic regeneration.
 i - a +6 ring of dexterity
 F - a ring of flight (right hand)
 J - a +6 ring of intelligence (left hand)
Wands
 c - a wand of flame (12)
 w - a wand of polymorph (6)
Scrolls
 e - a scroll of enchant weapon {unknown}
 f - 4 scrolls of revelation
 g - 2 scrolls of blinking
 m - 3 scrolls of teleportation
 p - 2 scrolls of poison {unknown}
 v - 2 scrolls of enchant armour {unknown}
 y - 2 scrolls of fear {unknown}
 A - a scroll of immolation {unknown}
 G - a scroll of brand weapon {unknown}
Potions
 d - a potion of magic
 o - 11 potions of curing
 s - 7 potions of heal wounds
 B - 2 potions of cancellation {unknown}
 I - a potion of haste {unknown}
 K - a potion of enlightenment {unknown}


   Skills:
 - Level 3.1 Fighting
 - Level 3.0 Armour
 - Level 3.0 Dodging
 - Level 3.0 Stealth
 + Level 3.8 Shields
 * Level 14.2 Spellcasting
 + Level 8.2 Conjurations
 - Level 1.1 Summonings
 + Level 7.2 Necromancy
 - Level 1.1 Translocations
 + Level 0.6 Fire Magic
 + Level 7.5 Ice Magic
 - Level 1.2 Air Magic
 - Level 1.1 Alchemy
 - Level 2.0 Evocations


You had 23 spell levels left.
You knew the following spells:

 Your Spells              Type           Power      Damage    Failure   Level
a - Magic Dart            Conj           100%       1d8       1%          1
b - Mephitic Cloud        Conj/Alch/Air  42%        N/A       1%          3
c - Call Imp              Summ           54%        N/A       3%          2
d - Blink                 Tloc           54%        N/A       3%          2
e - Hailstorm             Conj/Ice       62%        3d11      1%          3
f - Dispel Undead         Necr           59%        3d21      1%          4

Your spell library contained the following spells:

 Spells                   Type           Power      Damage    Failure   Level
 Olgreb's Toxic Radiance  Alch           28%        N/A       5%          4
 Cigotuvi's Dreadful Rot  Necr/Alch/Air  80%        N/A       1%          2
 Summon Ice Beast         Ice/Summ       47%        N/A       1%          3
 Animate Dead             Necr           59%        N/A       1%          4
 Slow                     Hex            84%        N/A       3%          1
 Arcjolt                  Conj/Air       24%        1d34      3%          5
 Martyr's Knell           Necr/Summ      46%        N/A       6%          4
 Vhi's Electric Charge    Tloc/Air       56%        N/A       21%         4
 Death Channel            Necr           29%        N/A       26%         6
 Summon Forest            Summ/Tloc      13%        N/A       52%         5
 Eringya's Noxious Bog    Alch           14%        4d6       58%         6
 Plasma Beam              Fire/Air       13%        2x1d24    63%         6
 Sculpt Simulacrum        Ice/Alch       23%        N/A       65%         6
 Haunt                    Necr/Summ      23%        N/A       99%         7
 Summon Hydra             Summ           13%        N/A       100%        7
 Infestation              Necr           29%        N/A       100%        8


Dungeon Overview and Level Annotations

Branches:
Dungeon (11/15)            Temple (1/1) D:7            Lair (0/5) D:8
Gauntlet (1/1)
    Orc: D:9-12

Altars:
Ashenzari
Cheibriados
Dithmenos
Elyvilon
Fedhas
Gozag
Hepliaklqana
Kikubaaqudgha
Makhleb
Nemelex Xobeh
Okawaru
Qazlal
Ru
Sif Muna
Trog
Uskayaw
Vehumet
Wu Jian
Xom
Yredelemnul
Zin
The Shining One

Shops:
D:2 *   D:3 :*   D:10 !:

Annotations:
D:6 Mobs behind rock Gauntlet 9 transporters, 2 runed translucent doors


Message History

Two slime creatures merge to form a very large slime creature.
There is a transporter here.
Aiming: Warp Space
Press: ? - help, Shift-Dir - straight line, f - very large slime creature
Aim: a very large slime creature (lightly wounded, ally target) Space twists violently!
The rupture engulfs your cerulean imp!
You kill your cerulean imp!
Your cerulean imp disappears in a puff of smoke!
The rupture engulfs the very large slime creature!
The very large slime creature is lightly wounded.
You feel ready to blink again.
Unknown command.
Unknown command.
Aiming: Warp Space
Press: ? - help, Shift-Dir - straight line, f/p - very large slime creature
Aim: a very large slime creature (lightly wounded) Space twists violently!
The rupture engulfs the very large slime creature!
The very large slime creature is lightly wounded.
Unknown command.
Aiming: Warp Space
Press: ? - help, Shift-Dir - straight line, f/p - very large slime creature
Aim: a very large slime creature (lightly wounded) Space twists violently!
The rupture engulfs the very large slime creature!
The very large slime creature is moderately wounded.
Unknown command.
Aiming: Warp Space
Press: ? - help, Shift-Dir - straight line, f/p - very large slime creature
Aim: a very large slime creature (moderately wounded) Space twists violently!
The rupture engulfs the very large slime creature!!
The very large slime creature is moderately wounded.
The now-empty wand crumbles to dust.
Casting: Call Imp (safe; 3% risk of failure)
Confirm with . or Enter, or press ? or * to list all spells.
You blink.
The very large slime creature hits you!!
Ouch! That really hurt!
You die...

#.##©)uG#.#..Z#©[Z#.#}##©##X#.≈##
#..##.u##.#+#.###[#.#?#.x#.x#.##
#...#.###.#.#.Z.#.#.##x##X###.≈##
#.##.##©#.#.###Z#.#.#xX#xx#.#.≈≈#
###.#...#.#...#.#.#.###.##.##.≈##
##..##..#.###.#Z#.#.##xX#..##.##
#. .#.#©..#Zk.#.#x##.##x#.≈## ##
##.###################.≈≈# ..
......#§J@..©....©#....≈## ##
.P♣...#############.♣..## #[
PP.PP...####©####...P..≈#
.#.#..P#≈#≈#P..###J..###.♣.PP.≈≈#
.#.#.P.≈≈≈≈≈P..#JJ'##..#.PPPP.≈##
#..#.♣P#≈#≈#P♣.#..#©#..#.♣....##
.#.#...≈≈≈≈≈P..#..##+..#.PP..≈#
.#5#...#≈#≈#...###...###.♣..≈≈#
#.3#...........###...###...####


You could see a death drake, a very large slime creature, a slime creature, 2
large abominations, a spectral wolf spider, a spectral boggart, a spectral
meliai, 4 small abominations, 2 jellies and a hornet zombie (wandering).

Vanquished Creatures
  A two-headed ogre (D:9)
  Pikel (D:5)
  2 elephants (D:8)
  Joseph (D:8)
  An unseen horror (D:10)
  Maggie (D:8)
  2 trolls
  Grinder (D:6)
  Sigmund (D:6)
  A wyvern (D:7)
  A vampire (D:9)
  7 yaks (D:9)
  6 vampire mosquitoes (D:10)
  A steam dragon (D:4)
  An acid dragon (D:10)
  A water moccasin (D:6)
  2 ice beasts
  3 orc warriors
  3 black bears
  3 ogres
  3 centaurs
  2 lemures (D:5)
  6 kobold brigands
  2 bullfrogs
  A gnoll sergeant (D:7)
  4 scorpions
  9 wights
  11 killer bees (D:8)
  6 howler monkeys
  4 bombardier beetles
  A jelly (D:6)
  An orc priest (D:8)
  A hound (D:6)
  2 sleepcaps
  3 iguanas
  Natasha (thrice) (D:2)
  12 orc wizards
  Robin (D:2)
  7 gnolls
  10 adders
  2 shadow imps (D:5)
  A white imp (D:7)
  2 ufetubi (D:5)
  A ribbon worm (D:3)
  2 dart slugs
  31 orcs
  4 endoplasms
  A giant cockroach (D:4)
  16 goblins
  12 hobgoblins
  4 jackals (D:1)
  4 quokkas
  5 ball pythons
  4 bats (D:3)
  5 frilled lizards
  37 kobolds
  4 rats
264 creatures vanquished.

Vanquished Creatures (collateral kills)
  A kobold (D:8)
1 creature vanquished.

Vanquished Creatures (others)
  A lava snake (D:9)
1 creature vanquished.

Grand Total: 266 creatures vanquished

Notes
Turn   | Place    | Note
-------+----------+-------------------------------------------
     0 | D:1      | pokeman the Deep Elf Hedge Wizard began the quest for the
                  | Orb.
     0 | D:1      | Reached XP level 1. HP: 10/10 MP: 7/7
   148 | D:1      | Reached XP level 2. HP: 7/15 MP: 2/9
  1095 | D:2      | Reached skill level 5 in Spellcasting
  1206 | D:2      | Noticed Robin
  1209 | D:2      | Reached XP level 3. HP: 13/20 MP: 5/11
  1344 | D:2      | Noticed Natasha
  1350 | D:2      | Learned a level 3 spell: Mephitic Cloud
  1362 | D:2      | Learned a level 2 spell: Call Imp
  1365 | D:2      | Learned a level 2 spell: Blink
  1428 | D:2      | Killed Natasha
  1429 | D:2      | Reached skill level 1 in Fighting
  1429 | D:2      | Reached skill level 1 in Armour
  1429 | D:2      | Reached XP level 4. HP: 19/25 MP: 0/13
  1811 | D:2      | Found Qohygov's General Store.
  1954 | D:2      | Noticed Natasha
  1965 | D:2      | Killed Natasha
  2242 | D:2      | Noticed Natasha
  2253 | D:2      | Killed Natasha
  2254 | D:2      | Reached skill level 6 in Spellcasting
  2254 | D:2      | Reached XP level 5. HP: 29/29 MP: 9/15
  2259 | D:2      | Killed Robin
  2606 | D:3      | Found Xebbiell's Book Emporium.
  2872 | D:3      | Identified the +2 leather armour of Incorporation {Dex+5}
  3133 | D:3      | Identified the amulet of Lucidity {RegenMP+ rCorr}
  3151 | D:3      | Found a hazy altar of Hepliaklqana.
  3180 | D:3      | Learned a level 3 spell: Hailstorm
  3397 | D:3      | Found Ryaqaf's General Store.
  3400 | D:3      | Bought a potion of curing for 36 gold pieces
  3440 | D:3      | Identified the +5 whip of the Living God {freeze, rPois
                  | Dex+3}
  3488 | D:4      | Found a shadowy altar of Dithmenos.
  3498 | D:4      | Reached skill level 1 in Ice Magic
  3498 | D:4      | Reached skill level 1 in Air Magic
  3498 | D:4      | Reached skill level 1 in Alchemy
  3498 | D:4      | Reached XP level 6. HP: 28/34 MP: 13/17
  3571 | D:4      | Noticed a steam dragon
  3587 | D:4      | Killed a steam dragon
  3588 | D:4      | Reached skill level 7 in Spellcasting
  3605 | D:4      | Reached skill level 1 in Shields
  3790 | D:4      | Reached XP level 7. HP: 38/38 MP: 20/20
  4402 | D:5      | Entered Level 5 of the Dungeon
  4552 | D:5      | Reached skill level 8 in Spellcasting
  4685 | D:5      | Found a snail-covered altar of Cheibriados.
  4901 | D:5      | Identified the +2 helmet of Past Mistakes {rPois rCorr}
  4959 | D:5      | Reached skill level 1 in Necromancy
  4996 | D:5      | Noticed Pikel
  5031 | D:5      | Killed Pikel
  5032 | D:5      | Reached skill level 9 in Spellcasting
  5032 | D:5      | Reached XP level 8. HP: 22/43 MP: 19/23
  5399 | D:6      | Noticed Grinder
  5416 | D:6      | Killed Grinder
  5417 | D:6      | Reached skill level 5 in Conjurations
  5656 | D:6      | Found a radiant altar of Vehumet.
  5665 | D:6      | Reached skill level 10 in Spellcasting
  5671 | D:6      | Became a worshipper of Vehumet
  5697 | D:6      | Noticed Sigmund
  5702 | D:6      | Killed Sigmund
  5703 | D:6      | Reached XP level 9. HP: 47/47 MP: 17/25
  5704 | D:6      | Found a white marble altar of Elyvilon.
  5915 | D:6      | Noticed a troll
  6297 | D:7      | Reached skill level 5 in Ice Magic
  6368 | D:7      | Learned a level 4 spell: Dispel Undead
  6450 | D:7      | Reached skill level 11 in Spellcasting
  6454 | D:7      | Reached * piety under Vehumet
  6454 | D:7      | Offered knowledge of Sting by Vehumet.
  6613 | D:7      | You fall into a shaft and drop 2 floors!
  6638 | D:8      | Noticed Joseph
  6656 | D:8      | Killed Joseph
  6657 | D:8      | Reached skill level 5 in Necromancy
  6818 | D:7      | Found a staircase to the Ecumenical Temple.
  6928 | D:8      | Reached XP level 10. HP: 55/56 MP: 17/27
  6936 | D:8      | Reached ** piety under Vehumet
  6936 | D:8      | Offered knowledge of Mercury Vapours by Vehumet.
  6946 | D:8      | Reached skill level 12 in Spellcasting
  7104 | D:8      | Noticed an elephant
  7122 | D:8      | Killed an elephant
  7216 | D:8      | Noticed an elephant
  7259 | D:8      | Killed an elephant
  7341 | D:8      | Found a staircase to the Lair.
  7425 | D:8      | Noticed Maggie
  7435 | D:8      | Killed Maggie
  8029 | D:9      | Offered knowledge of Volatile Blastmotes by Vehumet.
  8060 | D:9      | Found a shimmering blue altar of Sif Muna.
  8087 | D:9      | Reached skill level 13 in Spellcasting
  8130 | D:9      | Reached *** piety under Vehumet
  8162 | D:9      | Noticed a two-headed ogre
  8178 | D:9      | Killed a two-headed ogre
  8211 | D:9      | Reached XP level 11. HP: 28/60 MP: 26/30
  8376 | D:9      | Offered knowledge of Olgreb's Toxic Radiance by Vehumet.
  8550 | D:10     | Entered Level 10 of the Dungeon
  8568 | D:10     | Reached skill level 14 in Spellcasting
  8801 | D:10     | Found Buesoc's Book Boutique.
  8921 | D:10     | Found Cifeh's Distillery.
  8931 | D:10     | Bought a potion of curing for 36 gold pieces
  8931 | D:10     | Bought a potion of curing for 36 gold pieces
  8931 | D:10     | Bought a potion of degeneration for 12 gold pieces
  9183 | D:10     | Found an opulent altar of Gozag.
  9196 | D:10     | Found a stormy altar of Qazlal.
  9199 | D:10     | Found a hide-covered altar of Uskayaw.
  9199 | D:10     | Found a shimmering altar of Xom.
  9206 | D:10     | Found a sacrificial altar of Ru.
  9389 | D:2      | Bought a scroll of revelation for 82 gold pieces
  9517 | Temple   | Entered the Ecumenical Temple
  9611 | D:11     | Found a gate leading to a gauntlet.
  9619 | Gauntlet | Entered a Gauntlet
  9619 | Gauntlet | Found a transporter.
  9622 | Gauntlet | Found a transporter.
  9624 | Gauntlet | Found a transporter.
  9626 | Gauntlet | Noticed a sixfirhy
  9640 | Gauntlet | Found a transporter.
  9642 | Gauntlet | Found a transporter.
  9654 | Gauntlet | Found a transporter.
  9662 | Gauntlet | Noticed a hell beast
  9670 | Gauntlet | Found a transporter.
  9670 | Gauntlet | Noticed a glowing orange brain
  9671 | Gauntlet | Noticed a white ugly thing
  9672 | Gauntlet | Noticed a cyan ugly thing
  9674 | Gauntlet | Noticed a glowing orange brain
  9677 | Gauntlet | Found a runed translucent door.
  9681 | Gauntlet | Found a transporter.
  9684 | Gauntlet | Noticed a death drake
  9690 | Gauntlet | Found a transporter.
  9691 | Gauntlet | Noticed a large abomination
  9708 | Gauntlet | Found a transporter.
  9713 | Gauntlet | Found a runed translucent door.
  9714 | Gauntlet | Found a transporter.
  9715 | Gauntlet | Found a runed translucent door.
  9716 | Gauntlet | Found a transporter.
  9817 | Gauntlet | Found a transporter.
  9833 | Gauntlet | Demolished by a very large slime creature

Illustrated notes

Levels and vault maps discovered:
D:1:      lemuel_arrival_lava_pool, layout_loops_ring
D:2:      layout_basic, serial_shops, nicolae_shop_behind_doors, uniq_robin,
          uniq_natasha
D:3:      minmay_bubble_buster, layout_basic, amcnicky_altar_gilded,
          serial_shops, shop, nicolae_shop_real_fake_doors,
          kennysheep_generic_room_11
D:4:      layout_basic, nicolae_dithmenos_the_darkroom
D:5:      corexii_shack_village, layout_cave_pools, general_overflow_altar,
          nrook_loot_triangle, kennysheep_pointless_box, uniq_pikel
D:6:      layout_basic, nicolae_vehumet_altar_sigil, lemuel_tele_altar,
          lightli_corner_chamber, uniq_sigmund, uniq_grinder
D:7:      layout_basic, minmay_temple_entry_statues_pillars,
          nicolae_twisty_statue_hallways
D:8:      wander_river, layout_loops_ring, grunt_lair_entry_orc_guard_hut,
          serial_rivers, chequers_serial_rivers_micro_e,
          chequers_serial_rivers_small_b, chequers_serial_rivers_marsh,
          chequers_serial_rivers_small_b, chequers_serial_rivers_micro_e,
          chequers_serial_rivers_micro_a, chequers_decorated_corner,
          uniq_joseph, uniq_maggie
D:9:      layout_big_octagon, tgw_sif
D:10:     layout_rooms, nicolae_overflow_hallway_of_the_gods, serial_shops,
          nicolae_shop_temple_entry_statues_fountains,
          nicolae_shop_industrial_runoff, serial_curves, eino_curves_03,
          eino_curves_04
D:11:     layout_gridville, david_orc_2, gauntlet_entry_generic, nzn_random_ring
Temple:   bh_familiar_temple
Gauntlet: minmay_gauntlet_77_tree [minmay_gauntlet_arena_77_radiant_squares,
          minmay_gauntlet_arena_77_braids, minmay_gauntlet_arena_77_cramped,
          minmay_gauntlet_arena_77_mirror, minmay_gauntlet_arena_77_fan,
          minmay_gauntlet_arena_77_path,
          minmay_gauntlet_arena_77_tiled_triplets,
          dreamdust_gauntlet_exit_labyrinth]

Skill      XL: |  1  2  3  4  5  6  7  8  9 10 11 |
---------------+----------------------------------+-----
Spellcasting   | 5 6 7 9 10 11 13 14 | 14.2
Fighting       | 1 3 |  3.1
Armour         | 1 2 3 |  3.0
Conjurations   | 2 3 4 5 6 7 8 |  8.2
Stealth        | 3 |  3.0
Dodging        | 3 |  3.0
Ice Magic      | 1 2 3 4 5 7 |  7.5
Air Magic      | 1 |  1.2
Alchemy        | 1 |  1.1
Shields        | 1 2 3 |  3.8
Necromancy     | 2 3 5 6 7 |  7.2
Evocations     | 2 |  2.0
Summonings     | |  1.1
Translocations | |  1.1
Fire Magic     | |  0.6

Action                     |  1- 3 |  4- 6 |  7- 9 | 10-12 || total
---------------------------+-------+-------+-------+-------++-------
  Melee: Dagger            |    24 |    33 |       |       ||    57
         Whip              |       |    18 |    94 |    82 ||   194
   Cast: Magic Dart        |    68 |    71 |   124 |    42 ||   305
         Mephitic Cloud    |     1 |     9 |    22 |    27 ||    59
         Hailstorm         |       |       |    57 |    63 ||   120
         Call Imp          |       |       |     7 |     4 ||    11
         Blink             |       |       |     1 |     7 ||     8
         Dispel Undead     |       |       |       |     8 ||     8
  Evoke: Wand              |       |       |       |     6 ||     6
    Use: Scroll            |       |       |       |    11 ||    11
   Stab: Confused          |     2 |    12 |    13 |    11 ||    38
         Sleeping          |       |       |     5 |       ||     5
         Distracted        |       |       |       |     1 ||     1
 Armour: Robe              |    18 |     3 |       |       ||    21
         Leather armour    |       |     8 |    42 |    77 ||   127
  Dodge: Dodged            |    33 |    55 |   105 |    89 ||   282

Table legend: (Time is in decaauts)
 A = Elapsed time spent in this place.
 B = Non-inter-level travel time spent in this place.
 C = Inter-level travel time spent in this place.
 D = Time resting spent in this place.
 E = Time spent auto-exploring this place.
 F = Levels seen in this place.
 G = Mean time per level.
                   A        B        C        D        E       F      G
               +--------+--------+--------+--------+--------+-----+--------+
         Total |   9889 |   9208 |    681 |    349 |   6938 |  13 |  760.7 |
       Dungeon |   9651 |   8974 |    677 |    349 |   6938 |  11 |  877.4 |
        Temple |     24 |     21 |      3 |      0 |      0 |   1 |   24.0 |
      Gauntlet |    213 |    213 |      0 |      0 |      0 |   1 |  213.0 |
               +--------+--------+--------+--------+--------+-----+--------+

Top non-repeatable levels by time:
     D:2: 1355 daAuts
     D:8: 1225 daAuts
     D:1: 1209 daAuts
     D:3: 1023 daAuts
     D:5: 975 daAuts
     D:7: 937 daAuts
     D:4: 934 daAuts
     D:9: 743 daAuts
     D:6: 657 daAuts
    D:10: 580 daAuts
Gauntlet: 213 daAuts
  Temple: 24 daAuts
    D:11: 7 daAuts
